 Dungeon Crawl Stone Soup version 0.20-a0-1058-g0491fde (webtiles) character file.

46 Gorglomux the Chopper (level 3, 0/31 HPs)
             Began as a Hill Orc Monk on Apr 26, 2017.
             Slain by a quokka (1 damage)
             ... on level 2 of the Dungeon.
             The game lasted 00:01:32 (914 turns).

Gorglomux the Chopper (Hill Orc Monk)                Turns: 914, Time: 00:01:32

Health: 0/31       AC:  3    Str: 13    XL:     3   Next: 66%
Magic:  3/3        EV: 13    Int: 10    God:
Gold:   129        SH:  0    Dex: 14    Spells: 2/2 levels left

rFire    . . .     SeeInvis +   a - +0 hand axe
rCold    . . .     Gourm    .   (no shield)
rNeg     . . .     Faith    .   b - +0 robe
rPois    .         Spirit   .   (no helmet)
rElec    .         Reflect  .   l - +0 cloak
rCorr    .         Harm     .   (no gloves)
MR       .....                  (no boots)
Stlth    ++........             (no amulet)
Regen    0.1/turn               d - ring of wizardry {Wiz+, !d}
MPRegen  0.1/turn               i - ring of see invisible (curse) {sInv, !d}

@: lethally poisoned (0 -> -3), slowed, very slow
A: no striking features
a: no special abilities


You were on level 2 of the Dungeon.
You were not hungry.

You visited 1 branch of the dungeon, and saw 2 of its levels.

You collected 129 gold pieces.

Inventory:

Hand Weapons
 a - a +0 hand axe (weapon)
Armour
 b - a +0 robe (worn)
 l - a +0 cloak (worn)
   (You found it on level 2 of the Dungeon)
Jewellery
 d - a ring of wizardry (left hand) {Wiz+, !d}
   (You found it on level 1 of the Dungeon)
 i - a cursed ring of see invisible (right hand) {sInv, !d}
   (You found it on level 1 of the Dungeon)
Scrolls
 f - 2 scrolls of remove curse {unknown}
 g - a scroll of recharging {unknown}
 h - a scroll of fog {unknown}
 j - a scroll of enchant weapon {unknown}
 m - a scroll of identify {unknown}
 n - a scroll of teleportation {unknown}
Comestibles
 c - a bread ration {@e1@e1}
 k - a chunk of flesh {@w0@w0}


   Skills:
 - Level 3.6 Fighting
 + Level 6.0 Axes
 - Level 2.4 Dodging
 - Level 1.5 Stealth


You had 2 spell levels left.
You didn't know any spells.

Dungeon Overview and Level Annotations

Branches:
Dungeon (2/15)

Altars:


Message History

No target in view!
No target in view!
No target in view!
No target in view!
No target in view!
You now have 122 gold pieces (gained 5).
You now have 129 gold pieces (gained 7).
Some of the chunks of flesh in your inventory have rotted away.
n - a scroll labeled MUBRUMYUGRA You see here a trident.
A worm comes into view.
A worm is nearby!
A worm is nearby!
You hit the worm but do no damage. You hit the worm.
The worm closely misses you.
You hit the worm. You hit the worm. The worm barely misses you.
You hit the worm. The worm closely misses you.
You slash the worm!
You kill the worm!
No target in view!
No target in view!
You see here a worm corpse.
An adder comes into view.
An adder is nearby!
There isn't anything here!
An adder is nearby!
Some of the chunks of flesh in your inventory have rotted away.
The adder hisses angrily.
The adder barely misses you.
You miss the adder. The adder bites you but does no damage.
You barely miss the adder. The adder misses you.
You barely miss the adder. The adder bites you.
You are poisoned.
The adder poisons you! The adder bites you.
You are more poisoned.
The adder poisons you!
You take 3 damage, and have 28/31 hp.
You miss the adder.
You feel sick. The adder bites you.
You take 5 damage, and have 23/31 hp.
Unknown command.
You closely miss the adder.
You feel sick. The adder bites you.
You are more poisoned.
The adder poisons you!
You take 4 damage, and have 19/31 hp.
You hit the adder but do no damage.
You feel sick. The adder completely misses you. The adder bites you.
You take 2 damage, and have 17/31 hp.
It was a potion of berserk rage.
A red film seems to cover your vision as you go berserk!
You feel yourself moving faster!
You feel mighty!
You feel sick. The adder closely misses you.
You now have 24/46 hp.
You barely miss the adder.
You feel sick. The adder bites you.
You take 3 damage, and have 21/46 hp.
You barely miss the adder. The adder bites you but does no damage.
You closely miss the adder.
You feel sick. The adder closely misses you.
You slash the adder!
You kill the adder!
Your Axes skill increases to level 6!
You feel sick.
You take 1 damage, and have 20/46 hp.
You feel a strong urge to attack something.
A quokka comes into view.
You feel sick.
You take 1 damage, and have 19/46 hp.
A quokka is nearby!
Unknown command.
A quokka is nearby!
You feel your anger subside.
You are no longer berserk.
You are exhausted.
You feel yourself slow down.
You feel sick.
You now have 12/31 hp.
You feel sick.
You take 1 damage, and have 11/31 hp.
A quokka is nearby!
Unknown command.
A quokka is nearby!
Unknown command.
You swing at nothing.
You feel sick.
You take 1 damage, and have 10/31 hp.
You swing at nothing.
You feel sick.
You take 1 damage, and have 9/31 hp.
You swing at nothing.
You hit the quokka.
You feel sick. The quokka misses you. The quokka bites you.
* * * LOW HITPOINT WARNING * * *
You take 5 damage, and have 5/31 hp.
You closely miss the quokka.
* * * LOW HITPOINT WARNING * * *
You feel sick. The quokka bites you.
* * * LOW HITPOINT WARNING * * *
The quokka closely misses you.
You take 3 damage, and have 2/31 hp.
You hit the quokka. The quokka barely misses you.
The quokka closely misses you.
You completely miss the quokka.
* * * LOW HITPOINT WARNING * * *
You feel sick. The quokka bites you.
You die...

#. #..# #. #.## #.
##.# #.## #..#
#..# ##.## #.#
#..# #.#.# #.##
#.#r## #.# #.#@.#
#.# #.##.# #.#
#.##.# ##.# #.#..#
#).# #.#.## #.##
#.#.# ##.# #
.###...####..#....
#........†......#
#################


You could see a quokka.

Vanquished Creatures
  An adder (D:2)
  A worm (D:2)
  A dart slug (D:1)
  3 leopard geckos (D:2)
  A ball python (D:1)
  2 giant cockroaches (D:1)
  2 goblins
  2 hobgoblins
  5 jackals (D:1)
  3 bats
  2 frilled lizards
  4 kobolds
  A rat (D:1)
28 creatures vanquished.

Notes
Turn   | Place    | Note
-------+----------+-------------------------------------------
     0 | D:1      | Gorglomux the Hill Orc Monk began the quest for the Orb.
     0 | D:1      | Reached XP level 1. HP: 19/19 MP: 1/1
    15 | D:1      | Reached XP level 2. HP: 13/26 MP: 2/2
   288 | D:1      | Reached skill level 5 in Axes
   542 | D:2      | Reached XP level 3. HP: 31/31 MP: 3/3
   902 | D:2      | Reached skill level 6 in Axes
   911 | D:2      | HP: 5/31 [quokka (4)]
   912 | D:2      | HP: 2/31 [quokka (2)]
   914 | D:2      | Slain by a quokka

Vault maps used:
D:1:      dpeg_arrival_stonehenge_8_columns
D:2:      wad_pebble_path, nicolae_overflow_hidden_temple,
          nemelex_diamond_rough_becter

Skill      XL: |  1  2  3 |
---------------+----------+-----
Axes           | 5 6 |  6.0
Fighting       | |  3.6
Dodging        | |  2.4
Stealth        | |  1.5

Action                   || total
-------------------------++-------
Melee: Hand axe          ||    91
  Use: Potion            ||     1
 Stab: Sleeping          ||     3
Armor: Robe              ||    20
Dodge: Dodged            ||    84

Vault maps used:
D:1:      dpeg_arrival_stonehenge_8_columns
D:2:      wad_pebble_path, nicolae_overflow_hidden_temple,
          nemelex_diamond_rough_becter

Table legend:
 A = Turns spent in this place as a percentage of turns spent in the entire game.
 B = Non-inter-level travel turns spent in this place as a percentage of non-inter-level travel turns spent in the entire game.
 C = Inter-level travel turns spent in this place as a percentage of turns spent in this place.
 D = Turns resting spent in this place as a percentage of non-inter-level travel turns spent in this place.
 E = Turns spent auto-exploring this place as a percentage of non-inter-level travel turns spent in this place.
 F = Non-inter-level travel turns spent in this place divided by the number of levels of this place that you've seen.
                   A       B       C       D       E      F
               +-------+-------+-------+-------+-------+----------------------
         Total | 100.0 | 100.0 |   0.2 |   0.5 |   7.8 | 218.0
       Dungeon | 100.0 | 100.0 |   0.2 |   0.5 |   7.8 | 218.0
               +-------+-------+-------+-------+-------+----------------------

Table legend:
 A = Kills in this place as a percentage of kills in entire the game.
 B = Kills by you in this place as a percentage of kills by you in the entire game.
 C = Kills by friends in this place as a percentage of kills by friends in the entire game.
 D = Other kills in this place as a percentage of other kills in the entire game.
 E = Experience gained in this place as a percentage of experience gained in the entire game.
 F = Experience gained in this place divided by the number of levels of this place that you have seen.
                   A       B       C       D       E      F
               +-------+-------+-------+-------+-------+----------------------
         Total | 100.0 | 100.0 |  -nan |  -nan | 100.0 |  33.0
       Dungeon | 100.0 | 100.0 |  -nan |  -nan | 100.0 |  33.0
               +-------+-------+-------+-------+-------+----------------------
